 Dungeon Crawl Stone Soup version 0.22-a0-240-g539252a (webtiles) character file.

327 xccam the Cutter (level 6, -1/51 HPs)
             Began as a Draconian Monk on Feb 21, 2018.
             Slain by an iguana (11 damage)
             ... on level 4 of the Dungeon.
             The game lasted 00:05:14 (2445 turns).

xccam the Cutter (Draconian Monk)                   Turns: 2445, Time: 00:05:15

Health: -1/51      AC:  7    Str: 14    XL:     6   Next: 24%
Magic:  6/6        EV: 11    Int: 10    God:
Gold:   133        SH:  0    Dex: 15    Spells: 5/5 levels left

rFire    x . .     SeeInvis .   a - +0 short sword
rCold    + . .     Gourm    .   (no shield)
rNeg     . . .     Faith    .   (armour unavailable)
rPois    .         Spirit   .   (helmet restricted)
rElec    .         Reflect  .   (no cloak)
rCorr    .         Harm     .   (no gloves)
MR       .....                  l - +0 pair of boots (curse)
Stlth    ++........             (no amulet)
HPRegen  0.17/turn              m - ring of ice
MPRegen  0.10/turn              (no ring)

@: very heavily drained
A: unfitting armour, cold-blooded, AC +6
a: no special abilities


You were on level 4 of the Dungeon.
You were hungry.

You visited 1 branch of the dungeon, and saw 4 of its levels.

You collected 133 gold pieces.

Inventory:

Hand Weapons
 a - a +0 short sword (weapon)
Armour
 l - a cursed +0 pair of boots (worn)
Jewellery
 f - an uncursed ring of resist corrosion {unknown}
 i - a +2 ring of evasion {unknown}
 m - a ring of ice (left hand)
Scrolls
 c - 2 scrolls of remove curse {unknown}
 e - 3 scrolls of teleportation {unknown}
 g - a scroll of amnesia {unknown}
 h - 3 scrolls of identify {unknown}
 j - a scroll of magic mapping {unknown}
 k - a scroll of random uselessness {unknown}
 n - a scroll of enchant weapon {unknown}
Potions
 d - 3 potions of curing
Comestibles
 b - 7 rations


   Skills:
 - Level 3.2(0.4) Fighting
 + Level 5.4(2.3) Short Blades
 - Level 2.6(0.0) Dodging
 + Level 4.8(1.7) Stealth


You had 5 spell levels left.
You didn't know any spells.

Dungeon Overview and Level Annotations

Branches:
Dungeon (4/15)
 Temple: D:4-7

Altars:
Ashenzari
Dithmenos
Makhleb

Annotations:
D:4 Robin


Innate Abilities, Weirdness & Mutations

Your plain brown scales are hard. (AC +6)
You cannot fit into any form of body armour.
You are cold-blooded and may be slowed by cold attacks.


Message History

The ogre shouts!
You barely miss the iguana. The iguana bites you.
You completely miss the iguana.
You tail-slap the iguana, but do no damage.
The iguana bites you.
You closely miss the iguana. You tail-slap the iguana.
The iguana is lightly wounded.
The iguana completely misses you.
You hit the iguana but do no damage.
The iguana is lightly wounded.
The iguana barely misses you. The ogre hits you with a giant club!!
Ouch! That really hurt!
* * * LOW HITPOINT WARNING * * *
You barely miss the iguana.
The iguana is lightly wounded.
The iguana closely misses you.
You hit the iguana. You tail-slap the iguana.
The iguana is severely wounded.
The ogre barely misses you. The iguana bites you!
You die...

#..# #...# #..# #...#
##.# #...# #.## #...#
#..# ...# #..# ..# #...
#O# #.#. #@# #.#. #l#
#... #.#####.#### ####
...........# #
#.####.....#############
#.w...............#
#.....###########.#
#.....# #.# ##.#### #.#


You could see an ogre, an iguana and a dart slug.

Vanquished Creatures
  The ghost of Amnesiac the Charlatan, an amateur SpAr of Gozag (D:3)
  A hound (D:2)
  Natasha (thrice) (D:2)
  4 adders
  3 gnolls (D:3)
  An ooze (D:2)
  A worm (D:2)
  2 dart slugs
  3 leopard geckos
  A giant cockroach (D:2)
  3 goblins
  4 hobgoblins
  3 jackals (D:2)
  7 kobolds
  2 quokkas (D:2)
  7 bats
  2 frilled lizards
  3 rats
51 creatures vanquished.

Notes
Turn   | Place    | Note
-------+----------+-------------------------------------------
     0 | D:1      | xccam the Draconian Monk began the quest for the Orb.
     0 | D:1      | Reached XP level 1. HP: 19/19 MP: 1/1
   111 | D:1      | Reached XP level 2. HP: 26/26 MP: 2/2
   799 | D:2      | Found a burning altar of Makhleb.
   806 | D:2      | Reached XP level 3. HP: 21/31 MP: 3/3
   823 | D:2      | Reached skill level 4 in Short Blades
   891 | D:2      | Found a shattered altar of Ashenzari.
   903 | D:2      | Reached XP level 4. HP: 23/38 MP: 4/4
   968 | D:2      | Found a shadowy altar of Dithmenos.
  1017 | D:2      | Noticed Natasha
  1019 | D:2      | Killed Natasha
  1145 | D:2      | Noticed Natasha
  1198 | D:2      | Killed Natasha
  1198 | D:2      | Reached XP level 5. HP: 17/45 MP: 5/5
  1580 | D:2      | Noticed Natasha
  1590 | D:2      | Killed Natasha
  1680 | D:3      | Noticed Amnesiac's ghost (amateur SpAr)
  1885 | D:3      | Reached skill level 5 in Short Blades
  2310 | D:3      | Killed Amnesiac's ghost
  2310 | D:3      | Reached XP level 6. HP: 38/51 MP: 6/6
  2429 | D:4      | Noticed Robin
  2445 | D:4      | Slain by an iguana

Vault maps used:
D:1:      lightli_arrival_chessboard
D:2:      makhleb_heckhound_becter, lemuel_doored_altar, lemuel_round_altar,
          first_ration, uniq_natasha
D:4:      tgw_trog, uniq_eustachio, uniq_robin, uniq_sigmund

Skill      XL: |  1  2  3  4  5 |
---------------+----------------+-----
Stealth        | 2 3 4 |  4.8
Short Blades   | 4 5 |  5.4
Fighting       | |  3.2
Dodging        | |  2.6

Action                   |  1- 3 |  4- 6 || total
-------------------------+-------+-------++-------
Melee: Short sword       |    88 |   108 ||   196
       Tailslap          |     7 |    16 ||    23
  Use: Potion            |       |     4 ||     4
 Stab: Sleeping          |     5 |     5 ||    10
       Distracted        |     1 |     1 ||     2
  Eat: Chunk             |       |     4 ||     4
Armor: Skin              |    14 |    23 ||    37
Dodge: Dodged            |    47 |    60 ||   107

Table legend:
 A = Spawn XP
 B = Non-spawn XP
 C = Spawn XP percentage of total XP
 D = Spawn monster count
 E = Non-spawn monster count
 F = Spawn count percentage of total count
 G = Total turns spent on level
                    A         B        C        D         E        F      G
               +---------+---------+-------+---------+---------+-------+---------
         Total |       0 |     468 |   0.0 |       0 |      51 |   0.0 |  2445
               +---------+---------+-------+---------+---------+-------+---------
           D:1 |       0 |      22 |   0.0 |       0 |      12 |   0.0 |   632
           D:2 |       0 |     232 |   0.0 |       0 |      25 |   0.0 |   995
           D:3 |       0 |     214 |   0.0 |       0 |      14 |   0.0 |   734
               +---------+---------+-------+---------+---------+-------+---------
